 Dungeon Crawl Stone Soup version bcrawl-1.40.3b (webtiles) character file.

Game seed: 13774570183713409229

124223 PlayerOfArmor the Skirmisher (level 4, -1/41 HPs)
             Began as a Hill Orc Fighter on Mar 22, 2024.
             Slain by an adder (3 damage)
             ... on level 3 of the Dungeon.
             The game lasted 00:02:45 (2196 turns).

PlayerOfArmor the Skirmisher (Hill Orc Fighter)     Turns: 2196, Time: 00:02:46

Health: -1/41      AC: 11    Str: 19    XL:     4   Next: 69%
Magic:  4/4        EV:  1    Int:  8    God:
Gold:   154        SH:  9    Dex: 10    Spells: 3/3 levels left

rFire    . . .     GDR:     25% a - +0 war axe
rCold    . . .     SeeInvis .   c - +0 medium shield
rNeg     . . .     Gourm    .   m - +0 plate armour
rPois    .         Faith    .   (no helmet)
rElec    .         Spirit   .   (no cloak)
rCorr    .         Reflect  .   (no gloves)
MR       +....                  (no boots)
Stlth    ..........             (no amulet)
HPRegen  0.16/turn              b - ring of protection from magic
MPRegen  0.09/turn              (no ring)

@: lethally poisoned (-1 -> -5)
A: no striking features
a: no special abilities


You were on level 3 of the Dungeon.
You were hungry.

You visited 1 branch of the dungeon, and saw 3 of its levels.

You collected 154 gold pieces.

Inventory:

Hand Weapons
 a - a +0 war axe (weapon)
 q - a +0 morningstar
Armour
 c - a +0 medium shield (worn)
 m - a +0 plate armour (worn)
Jewellery
 b - a ring of protection from magic (left hand)
 r - an uncursed ring of protection from magic
Scrolls
 i - 2 scrolls of identify
 j - a scroll of revelation {unknown}
 k - a scroll of blinking {unknown}
 l - a scroll of teleportation {unknown}
 n - a scroll of noise {unknown}
 s - a scroll of remove curse {unknown}
Potions
 d - a potion of might
 f - a potion of mutation {unknown}
 g - a potion of invisibility {unknown}
 h - 3 potions of magic {unknown}
 p - a potion of flight {unknown}
Comestibles
 e - 9 rations {!d}
 o - 2 chunks of flesh


   Skills:
 + Level 4.8 Fighting
   Level 4.8 Short Blades
   Level 4.8 Long Blades
   Level 4.8 Axes
   Level 4.8 Maces & Flails
   Level 4.8 Polearms
   Level 4.8 Staves
 - Level 3.2 Armour
 - Level 3.2 Shields
   Level 4.8 Unarmed Combat


You had 3 spell levels left.
You didn't know any spells.
Your spell library was empty.

Dungeon Overview and Level Annotations

Branches:
Dungeon (3/12)

Altars:
Dithmenos
Lugonu
Okawaru
Qazlal
Ru
Trog
Vehumet
Wu Jian
Yredelemnul

Annotations:
D:2 1 runed door


Message History

The adder is heavily wounded.
You feel sick. You block the adder's attack.
Your shield and plate armour prevent you from hitting the adder.
The adder is heavily wounded.
You feel sick. You block the adder's attack.
The adder bites you but does no damage.
You miss the adder.
The adder is heavily wounded.
You feel sick. The adder bites you.
* * * LOW HITPOINT WARNING * * *
The adder bites you but does no damage.
You hit the adder.
The adder is almost dead.
* * * LOW HITPOINT WARNING * * *
You feel sick.
The adder bites you but does no damage. x2
You barely miss the adder.
The adder is almost dead.
* * * LOW HITPOINT WARNING * * *
You feel sick. The adder bites you but does no damage. The adder bites you.
You die...

#......## #....... #.###..#
..%#.##.... #. #..# ...#. #.... #
# ...# ... #. #.... ##.#.##.#
###.####.###.#. #........ ....
.##....... #........###.#
.######.## ########.##.##..S...#
#.######.##
.........##.(...@...###..........
####.....#####..........#####.###
###.......####..###.#.### #.##.
...(.....)..........#.# #.#..
#..........#.########.# #.#..
##...........# #.# #....
..........#.## ##.## ###..
####.........# #...# #..
###...###..# #..^# #..


You could see an adder.

Vanquished Creatures
  An orc wizard (D:3)
  An adder skeleton (D:2)
  2 worms (D:2)
  2 dart slugs
  3 leopard geckos
  8 orcs (D:3)
  8 hobgoblins
  6 jackals
  7 kobolds
  3 bats
  A frilled lizard (D:3)
42 creatures vanquished.

Notes
Turn   | Place    | Note
-------+----------+-------------------------------------------
     0 | D:1      | PlayerOfArmor the Hill Orc Fighter began the quest for the
                  | Orb.
     0 | D:1      | Reached XP level 1. HP: 19/19 MP: 1/1
    85 | D:1      | Reached XP level 2. HP: 4/26 MP: 2/2
    88 | D:1      | HP: 1/26 [jackal (1)]
   768 | D:2      | Reached XP level 3. HP: 33/33 MP: 3/3
   907 | D:2      | Reached skill level 4 in Fighting
  1037 | D:2      | Found a runed door.
  1208 | D:2      | Found an iron altar of Okawaru.
  1217 | D:2      | Found a sacrificial altar of Ru.
  1219 | D:2      | Found a shadowy altar of Dithmenos.
  1220 | D:2      | Found an ornate altar of the Wu Jian Council.
  1221 | D:2      | Found a bloodstained altar of Trog.
  1222 | D:2      | Found a corrupted altar of Lugonu.
  1224 | D:2      | Found a radiant altar of Vehumet.
  1225 | D:2      | Found a basalt altar of Yredelemnul.
  1226 | D:2      | Found a stormy altar of Qazlal.
  1865 | D:3      | Reached XP level 4. HP: 27/41 MP: 4/4
  2196 | D:3      | HP: 2/41 [poisoned by an adder]
  2196 | D:3      | Slain by an adder

Skill      XL: |  1  2  3 |
---------------+----------+-----
Fighting       | 4 |  4.8
Short Blades   | |  4.8
Long Blades    | |  4.8
Axes           | |  4.8
Maces & Flails | |  4.8
Polearms       | |  4.8
Staves         | |  4.8
Armour         | |  3.2
Shields        | |  3.2
Unarmed Combat | |  4.8

Action                   |  1- 3 |  4- 6 || total
-------------------------+-------+-------++-------
Melee: War axe           |   149 |     6 ||   155
       Morningstar       |       |    46 ||    46
  Eat: Chunk             |     8 |     3 ||    11
Armor: Scale mail        |    54 |       ||    54
       Plate armour      |    36 |    36 ||    72
Dodge: Dodged            |    25 |     1 ||    26
Block: Medium shield     |    92 |    22 ||   114
